 Dungeon Crawl Stone Soup version 0.17.0-28-g6e173f8 (webtiles) character file.

6603 dorian the Arsonist (level 11, -2/61 HPs)
             Began as an Octopode Fire Elementalist on Nov 24, 2015.
             Was a Believer of Vehumet.
             Shot with an arrow of frost by a centaur (5 damage)
             ... on level 11 of the Dungeon.
             The game lasted 00:29:37 (11444 turns).

dorian the Arsonist (Octopode Fire Elementalist)   Turns: 11444, Time: 00:29:37

Health: -2/61      AC:  4    Str:  7    XL:     11   Next: 2%
Magic:  29/32      EV: 12    Int: 22    God:    Vehumet [**....]
Gold:   345        SH:  0    Dex: 12    Spells: 4 memorised, 6 levels left

rFire  + . .     SeeInvis .     J - staff of power
rCold  . . .     Clarity  .     (no shield)
rNeg   . . .     SustAt   .     (helmet restricted)
rPois  +         Gourm    .     I - amulet of regeneration
rElec  .         Spirit   .     g - +3 ring of protection
rCorr  .         Warding  .     q - -2 ring of strength (curse)
rMut   .         Stasis   .     r - ring of stealth
MR     ++...                    G - ring of poison resistance
Stlth  ++++......               K - +2 ring of intelligence
                                (no ring)
                                (no ring)
                                (no ring)

@: very resistant to hostile enchantments, stealthy
A: almost no armour, amphibious, 8 rings, constrict 8, tentacle spike 1,
camouflage 1, dopey 1, fire resistance 1, magic resistance 2, strong 1,
gelatinous body 1, subdued magic 1
a: Renounce Religion


You were on level 11 of the Dungeon.
You worshipped Vehumet.
Vehumet was pleased with you.
You were not hungry.

You visited 2 branches of the dungeon, and saw 12 of its levels.

You collected 502 gold pieces.
You spent 157 gold pieces at shops.

Inventory:

Hand Weapons
 f - a +0 spear of freezing
 s - a +3 spear
Magical Staves
 n - an uncursed staff of fire
 J - an uncursed staff of power (weapon)
Jewellery
 g - a +3 ring of protection (left tentacle)
 q - a cursed -2 ring of strength (right tentacle)
 r - a ring of stealth (on tentacle)
 A - an uncursed ring of ice
 B - an uncursed ring of ice
 G - a ring of poison resistance (on tentacle)
 I - an amulet of regeneration (around mantle)
 K - a +2 ring of intelligence (on tentacle)
Wands
 u - a wand of slowing (32)
 v - a wand of paralysis (11)
 y - a wand of slowing (2)
 C - a wand of magic darts (6)
 H - a wand of flame (10)
 P - a wand of magic darts (14)
Scrolls
 c - 6 scrolls of teleportation
 d - 3 scrolls of identify
 i - 4 scrolls of random uselessness
 k - 5 scrolls of remove curse
 l - 4 scrolls of recharging
 t - 3 scrolls of amnesia
 w - a scroll of fear {unknown}
Potions
 e - 4 potions of curing
 h - 4 potions of ambrosia
 j - 3 potions of cancellation
 m - 2 potions of brilliance
 o - a potion of degeneration
 p - a potion of cure mutation
 D - 3 potions of poison
 E - a potion of berserk rage
 L - 2 potions of might
 Q - a potion of beneficial mutation
Books
 a - a book of Flames

   Spells                             Type                      Level
   a - Flame Tongue                   Conjuration/Fire             1
   b - Throw Flame                    Conjuration/Fire             2
   c - Conjure Flame                  Conjuration/Fire             3
   d - Inner Flame                    Hexes/Fire                   3
   e - Sticky Flame                   Conjuration/Fire             4
   f - Fireball                       Conjuration/Fire             5
Comestibles
 b - 5 bread rations
 x - 25 fruits
 z - 3 meat rations


   Skills:
 - Level 2.0 Dodging
 - Level 2.6 Stealth
 + Level 4.6 Spellcasting
 + Level 11.1 Conjurations
 + Level 11.3 Fire Magic


You had 6 spell levels left.
You knew the following spells:

 Your Spells              Type           Power        Failure   Level  Hunger
a - Flame Tongue          Conj/Fire      #####        0%          1    None
b - Conjure Flame         Conj/Fire      #####...     1%          3    ##.....
c - Sticky Flame          Conj/Fire      #####...     1%          4    ####...
d - Fireball              Conj/Fire      #####.....   1%          5    #####..


Dungeon Overview and Level Annotations

Branches:
Dungeon (11/15)            Temple (1/1) D:5            Lair (0/8) D:10
    Orc: D:9-12

Altars:
Ashenzari
Cheibriados
Dithmenos
Gozag
Nemelex Xobeh
Okawaru
Qazlal
Ru
Sif Muna
Trog
Vehumet
Xom
Zin
The Shining One

Shops:
D:6 *   D:7 (**?

Annotations:
D:3 rootspb's ghost, amateur MiBe
D:5 Edmund
D:7 Nicoed's ghost, novice DrTm


Innate Abilities, Weirdness & Mutations

You cannot wear most types of armour.
You are amphibious.
You can wear up to eight rings at the same time.
You can use your tentacles to constrict eight enemies at once.
Your skin changes colour to match your surroundings (Stealth).
Your rubbery body absorbs attacks (AC +1).
One of your tentacles bears a spike.
You are dopey. (Int -2)
Your flesh is heat resistant.
You are highly resistant to hostile enchantments.
Your muscles are strong. (Str +2)
Your spells are a little easier to cast, but a little less powerful.


Message History

The centaur shoots an arrow.
The arrow hits you!
The centaur burns!
The centaur shoots an arrow.
The arrow hits you.
* * * LOW HITPOINT WARNING * * *
You see here an arrow.
Casting: Sticky Flame
Confirm with . or Enter, or press ? or * to list all spells.
Aiming: Flame Tongue
Press: ? - help, Shift-Dir - straight line, f/p - centaur
Aim: a centaur, wielding a shortbow (blue smoke, almost dead, covered in liquid flames)
The flame tongue hits the centaur.
The centaur is almost dead.
The centaur burns!
You kill the centaur!
Vehumet accepts your kill.
You feel your power returning.
The centaur wields a glowing shortbow.
The centaur shoots an arrow of frost.
The arrow of frost hits you!
* * * LOW HITPOINT WARNING * * *
The arrow of frost freezes you.
You die...

#.......#...## #............#
#...........## #.>......#.##
....... #.[......#.# ...$...
#.......##.# ## .......
##.......##.# #. .......
##........<..########.
..c.c..###o.(.@..........(.(...
....cc.#§c§###.###....########.
...Cc.§#§###...##...#.### #.
#§§§.........##...## #.
#..§.§.(######.####..## ##
#.....#.#.# ##.# ##...##
#...###.#.# ##..# #.....# ..o##
.# # #..## ##...## ..## .. #.##
##.##


You could see a centaur and an orc.

Vanquished Creatures
  An unseen horror (D:11)
  Pikel (D:5)
  A troll (D:11)
  2 hippogriffs
  A wyvern (D:10)
  6 yaks
  A wolf (D:10)
  Menkaure (D:7)
  A water moccasin (D:6)
  A slave (D:5)
  Duvessa (D:5)
  2 sky beasts
  2 black bears
  An ice beast (D:10)
  3 ogres
  2 orc warriors (D:9)
  3 phantoms
  3 centaurs
  6 giant frogs
  A big kobold (D:9)
  2 wyvern zombies (D:10)
  Dowan (D:5)
  3 scorpions
  An electric eel (D:10)
  4 killer bees (D:11)
  3 jellies
  A wight (D:11)
  3 crimson imps
  A giant frog zombie (D:6)
  7 hounds
  A centaur skeleton (D:8)
  4 giant frog skeletons
  6 worker ants
  3 iguanas
  A worker ant zombie (D:9)
  17 adders
  4 gnolls
  A worker ant simulacrum (D:10)
  2 shadow imps
  2 white imps (D:10)
  An ooze (D:6)
  2 adder skeletons
  4 worms
  4 giant geckos
  11 orcs
  7 bats
  6 giant cockroaches
  5 hobgoblins
  12 jackals
  4 quokkas
  2 ball pythons
  A giant gecko skeleton (D:6)
  4 giant newts
  5 goblins
  3 kobolds (D:1)
  2 quokka skeletons
  14 rats
194 creatures vanquished.

Vanquished Creatures (others)
  A slave (D:5)
  A gnoll sergeant (D:5)
  3 gnolls (D:5)
5 creatures vanquished.

Grand Total: 199 creatures vanquished

Notes
Turn   | Place    | Note
--------------------------------------------------------------
     0 | D:1      | dorian the Octopode Fire Elementalist began the quest for the Orb.
     0 | D:1      | Reached XP level 1. HP: 11/11 MP: 3/3
   118 | D:1      | Reached XP level 2. HP: 10/17 MP: 0/5
   427 | D:1      | Found a shattered altar of Ashenzari.
   525 | D:2      | Reached XP level 3. HP: 12/21 MP: 0/6
  1008 | D:2      | Found a faded altar to an unknown god.
  1114 | D:2      | Reached skill level 4 in Fire Magic
  1114 | D:2      | Reached XP level 4. HP: 27/27 MP: 5/7
  1250 | D:2      | Learned a level 3 spell: Conjure Flame
  1612 | D:3      | Noticed rootspb's ghost (amateur MiBe)
  1909 | D:2      | Found a sparkling altar of Nemelex Xobeh.
  1909 | D:2      | Found a stormy altar of Qazlal.
  2534 | D:3      | Reached XP level 5. HP: 31/31 MP: 4/8
  2675 | D:4      | Learned a level 4 spell: Sticky Flame
  2708 | D:4      | Noticed an ogre
  2784 | D:4      | Killed an ogre
  2844 | D:4      | Found an iron altar of Okawaru.
  2895 | D:4      | Reached XP level 6. HP: 36/36 MP: 9/9
  2972 | D:4      | Reached skill level 5 in Fire Magic
  3130 | D:4      | Found a sacrificial altar of Ru.
  3515 | D:5      | Entered Level 5 of the Dungeon
  3515 | D:5      | Noticed Duvessa
  3515 | D:5      | Noticed Dowan
  3851 | D:5      | Noticed Pikel
  3912 | D:4      | Reached skill level 5 in Conjurations
  3912 | D:4      | Reached XP level 7. HP: 22/41 MP: 1/10
  4304 | D:5      | Reached skill level 6 in Fire Magic
  4342 | D:5      | Killed Duvessa
  4506 | D:5      | Killed Dowan
  4633 | D:5      | Noticed Edmund
  5023 | D:5      | Found a stormy altar of Qazlal.
  5131 | D:5      | Reached XP level 8. HP: 37/46 MP: 11/11
  5144 | D:5      | Killed Pikel
  5144 | D:5      | Reached skill level 7 in Conjurations
  5449 | D:5      | Found a staircase to the Ecumenical Temple.
  5454 | Temple   | Entered the Ecumenical Temple
  5475 | Temple   | Became a worshipper of Vehumet
  5881 | D:6      | Reached skill level 8 in Fire Magic
  6038 | D:6      | Found Bihasino's General Store.
  6045 | D:6      | Bought a scroll of amnesia for 38 gold pieces
  6045 | D:6      | Bought a scroll of remove curse for 33 gold pieces
  6414 | D:6      | Reached XP level 9. HP: 45/51 MP: 5/12
  6583 | D:7      | Found Coixeegred's Antique Weapon Shop.
  6610 | D:7      | Noticed Nicoed's ghost (novice DrTm)
  6617 | D:7      | Found Pomear's Assorted Antiques.
  6877 | D:7      | Found Semor's Assorted Antiques.
  7029 | D:7      | Gained mutation: Your muscles are strong. (Str +2) [mutagenic meat]
  7030 | D:7      | Gained mutation: You are dopey. (Int -2) [mutagenic meat]
  7031 | D:7      | Gained mutation: You are resistant to hostile enchantments. [mutagenic meat]
  7032 | D:7      | Gained mutation: Your spells are a little easier to cast, but a little less powerful. [mutagenic meat]
  7033 | D:7      | Lost mutation: Your spells are a little easier to cast, but a little less powerful. [potion of mutation]
  7033 | D:7      | Gained mutation: You are covered in fur (AC +1). [potion of mutation]
  7034 | D:7      | Gained mutation: You are highly resistant to hostile enchantments. [potion of mutation]
  7034 | D:7      | Gained mutation: Your flesh is heat resistant. [potion of mutation]
  7034 | D:7      | Gained mutation: Your spells are a little easier to cast, but a little less powerful. [potion of mutation]
  7057 | D:7      | Noticed Menkaure
  7062 | D:7      | Killed Menkaure
  7062 | D:7      | Reached skill level 9 in Fire Magic
  7496 | D:7      | Bought a viscous brown potion for 29 gold pieces
  7496 | D:7      | Bought a murky green potion for 29 gold pieces
  7521 | D:7      | Found Muocvuc's Magic Scroll Boutique.
  7529 | D:7      | Bought a scroll of fog for 28 gold pieces
  8084 | D:8      | Gained mutation: Your muscles are very strong. (Str +4) [mutagenic meat]
  8087 | D:8      | Lost mutation: Your muscles are very strong. (Str +4) [mutagenic meat]
  8088 | D:8      | Gained mutation: One of your tentacles bears a spike. [mutagenic meat]
  8089 | D:8      | Lost mutation: You are covered in fur (AC +1). [mutagenic meat]
  8323 | D:8      | Reached * piety under Vehumet
  8323 | D:8      | Offered knowledge of Freeze by Vehumet.
  8397 | D:8      | Found a snail-covered altar of Cheibriados.
  8743 | D:9      | Reached skill level 10 in Fire Magic
  8849 | D:9      | Found a deep blue altar of Sif Muna.
  8997 | D:9      | Reached XP level 10. HP: 56/56 MP: 13/13
  9098 | D:9      | Reached skill level 10 in Conjurations
  9773 | D:8      | Learned a level 5 spell: Fireball
  9923 | D:10     | Entered Level 10 of the Dungeon
 10368 | D:10     | Found a staircase to the Lair.
 10931 | D:11     | Reached ** piety under Vehumet
 10931 | D:11     | Offered knowledge of Shock by Vehumet.
 10971 | D:11     | Reached skill level 11 in Fire Magic
 11339 | D:11     | Noticed an unseen horror
 11344 | D:11     | Killed an unseen horror
 11344 | D:11     | Reached XP level 11. HP: 28/61 MP: 17/17
 11434 | D:11     | Noticed a hill giant
 11444 | D:11     | HP: 3/61 [centaur/arrow of frost (14)]
 11444 | D:11     | Shot with an arrow of frost by a centaur

Action                   |  1- 3 |  4- 6 |  7- 9 | 10-12 || total
-------------------------+-------+-------+-------+-------++-------
Melee: Unarmed           |    49 |    26 |       |       ||    75
       Spear             |       |     2 |    19 |     2 ||    23
       Staff             |       |     2 |     6 |    12 ||    20
 Cast: Flame Tongue      |    38 |    80 |   204 |   181 ||   503
       Sticky Flame      |       |     2 |    13 |    13 ||    28
       Conjure Flame     |       |       |       |     2 ||     2
Evoke: Wand              |       |       |       |     3 ||     3
  Use: Potion            |     1 |       |     3 |     3 ||     7
       Scroll            |       |     9 |     7 |     6 ||    22
 Stab: Sleeping          |     5 |     4 |       |     1 ||    10
  Eat: Chunk             |     1 |     7 |    21 |     6 ||    35
       Bread ration      |       |     1 |     2 |       ||     3
       Royal jelly       |       |       |       |     1 ||     1
       Pizza             |       |       |       |     1 ||     1
       Fruit             |       |       |       |     2 ||     2
